AoeStats
← Bandolero

Arabia

508995580Analyzed
1v1 RM · 7d ago on Sep 25, 2026· 42m 18s· 2 players
Game mode
Random Map
Map size
Tiny (2 player)
Population
200
Speed
Normal
Resources
Standard
Victory
Conquest
Starting age
Dark Age
Ending age
Imperial Age
RankedLock teamsTeams togetherTeam positionsShared explorationLock speedFull tech treeHidden civsTurbo modeCheats
Victory
Defeat
🇦🇷 Vietnamese · Argentina
1390
+13
🇨🇦 Mongols · Canada
1334
-13
Bandolero
6:41 Loom
9:32 Feudal Age
13:24 Double-Bit Axe
15:06 Fletching
22:26 Castle Age
20:43 Padded Archer Armor
21:58 Gold Mining
22:35 Crossbowman
23:17 Bodkin Arrow
25:38 Bow Saw
26:02 Leather Archer Armor
27:28 Scale Barding Armor
34:16 Wheelbarrow
33:30 Town Watch
35:14 Thumb Ring
35:32 Ballistics
36:38 Forging
37:03 Bloodlines
36:53 Husbandry
37:17 Chain Barding Armor
39:27 Stone Mining
44:15 Imperial Age
Boboolacouille
5:35 Loom
7:55 Feudal Age
9:06 Double-Bit Axe
20:08 Castle Age
18:45 Fletching
19:13 Gold Mining
19:12 Horse Collar
20:16 Padded Archer Armor
21:28 Bodkin Arrow
21:45 Crossbowman
24:25 Leather Archer Armor
25:40 Wheelbarrow
28:51 Bloodlines
28:42 Husbandry
32:15 Bow Saw
35:43 Gold Shaft Mining
35:40 Thumb Ring
35:44 Scale Barding Armor
35:49 Forging
35:26 Light Cavalry
40:32 Imperial Age
40:01 Chain Barding Armor
41:43 Parthian Tactics
41:02 Pikeman
41:42 Squires
Connection lost

Rejoining the realm…

Still unreachable

The connection could not be restored.

Session expired

The server has moved on; the page needs a fresh start.